AoeStats
← Victor

Oasis

510144418Analyzed
2v2 RM · 2d ago on Sep 29, 2026· 56m 36s· 4 players
Game mode
Random Map
Map size
Medium (4 player)
Population
200
Speed
Normal
Resources
Standard
Victory
Conquest
Starting age
Dark Age
Ending age
Imperial Age
RankedLock teamsTeams togetherTeam positionsShared explorationLock speedFull tech treeHidden civsTurbo modeCheats
Victory
Defeat
🇪🇸 Khmer · Spain
1283
+13
🇨🇴 Romans · Colombia
1097
+21
🇳🇱 Ethiopians · Netherlands
1208
-17
🇳🇱 Magyars · Netherlands
1202
-17
MacNewbie
9:39 Feudal Age
10:06 Double-Bit Axe
12:41 Loom
18:57 Castle Age
19:34 Bloodlines
20:01 Bow Saw
22:42 Husbandry
26:56 Horse Collar
27:54 Wheelbarrow
29:10 Heavy Plow
29:02 Gold Mining
34:42 Imperial Age
32:28 Hand Cart
34:11 Scale Barding Armor
34:18 Forging
36:17 Ballistics
38:15 Conscription
39:07 Heavy Scorpion
39:45 Pikeman
41:57 Chemistry
42:29 Scale Mail Armor
41:53 Halberdier
43:28 Chain Mail Armor
44:51 Double Crossbow
45:18 Arson
47:27 Iron Casting
48:31 Siege Engineers
54:53 Blast Furnace
Descomponido
6:34 Loom
9:25 Feudal Age
10:46 Double-Bit Axe
11:52 Man-at-Arms
22:53 Castle Age
21:19 Gold Mining
23:43 Stone Mining
24:22 Fletching
24:43 Forging
27:23 Bodkin Arrow
34:00 Long Swordsman
35:28 Gold Shaft Mining
34:38 Pikeman
38:49 Scale Mail Armor
40:19 Bow Saw
41:10 Chain Mail Armor
41:31 Iron Casting
46:06 Imperial Age
44:41 Padded Archer Armor
46:10 Horse Collar
47:21 Wheelbarrow
46:18 Legionary
46:59 Squires
50:07 Light Cavalry
50:58 Bloodlines
51:27 Husbandry
Victor
7:42 Loom
9:55 Feudal Age
19:27 Scale Barding Armor
22:45 Castle Age
21:11 Double-Bit Axe
21:07 Horse Collar
22:15 Bloodlines
25:02 Husbandry
27:31 Wheelbarrow
29:40 Chain Barding Armor
29:43 Heavy Plow
32:13 Town Watch
38:00 Imperial Age
39:15 Plate Barding Armor
38:02 Cavalier
40:29 Town Patrol
40:45 Hand Cart
42:41 Paladin
44:54 Crop Rotation
Kees Harakir!
7:48 Loom
9:58 Feudal Age
10:37 Double-Bit Axe
14:08 Fletching
14:19 Padded Archer Armor
17:03 Horse Collar
23:06 Castle Age
21:21 Gold Mining
23:09 Crossbowman
23:55 Thumb Ring
24:27 Bodkin Arrow
25:59 Bow Saw
27:24 Town Watch
28:36 Leather Archer Armor
32:43 Wheelbarrow
32:38 Forging
35:19 Squires
36:05 Heavy Plow
39:26 Scale Mail Armor
40:01 Iron Casting
40:18 Hand Cart
40:12 Arson
43:35 Imperial Age
42:00 Royal Heirs
42:40 Chain Mail Armor
43:40 Heavy Scorpion
45:49 Conscription
46:09 Siege Engineers
46:24 Ballistics
48:32 Torsion Engines
49:41 Arbalester
Connection lost

Rejoining the realm…

Still unreachable

The connection could not be restored.

Session expired

The server has moved on; the page needs a fresh start.